 Dungeon Crawl Stone Soup version 0.24.1-4-ge52af88ad5 (webtiles) character file.

Game seed: 1683184127632536759, levelgen mode: deterministic

510 yeppeun the Chopper (level 7, -3/42 HPs)
             Began as a Gargoyle Skald on Apr 21, 2020.
             Was a Believer of Cheibriados.
             Slain by an ogre
             ... wielding a +0 giant club
              (19 damage)
             ... on level 5 of the Dungeon.
             The game lasted 00:16:21 (5161 turns).

yeppeun the Chopper (Gargoyle Skald)                Turns: 5161, Time: 00:16:21

Health: -3/42      AC: 14    Str: 21    XL:     7   Next: 19%
Magic:  19/19      EV:  5    Int: 17    God:    Cheibriados [**....]
Gold:   307        SH:  7    Dex: 13    Spells: 7/10 levels left

rFire    . . .     SeeInvis .   a - +0 hand axe
rCold    . . .     Gourm    .   c - +0 shield
rNeg     + . .     Faith    +   y - +0 chain mail
rPois    ∞         Spirit   .   (no helmet)
rElec    +         Reflect  .   (no cloak)
rCorr    .         Harm     .   (no gloves)
MR       .....                  (no boots)
Stlth    ..........             v - amulet of faith
HPRegen  0.14/turn              A - ring of magical power
MPRegen  0.16/turn              (no ring)

@: very slightly contaminated, invisible, very slow
A: negative energy resistance 1, electricity resistance, unbreathing,
petrification resistance, rot immunity, AC +4
a: Bend Time, Renounce Religion


You were on level 5 of the Dungeon.
You worshipped Cheibriados.
Cheibriados was pleased with you.
You were not hungry.

You visited 1 branch of the dungeon, and saw 5 of its levels.

You collected 307 gold pieces.

Inventory:

Hand Weapons
 a - a +0 hand axe (weapon)
Missiles
 p - 2 boomerangs
 u - 20 poisoned darts (quivered)
 C - 8 atropa-tipped darts
Armour
 b - a +0 leather armour
 c - a +0 shield (worn)
 e - a +0 ring mail
 y - a +0 chain mail (worn)
Jewellery
 v - an amulet of faith (around neck)
 A - a ring of magical power (left hand)
Scrolls
 i - 2 scrolls of remove curse {unknown}
 j - a scroll of blinking {unknown}
 m - a scroll of holy word {unknown}
 q - a scroll of noise {unknown}
 r - a scroll of immolation {unknown}
 t - 2 scrolls of enchant armour {unknown}
 w - a scroll of identify
 x - a scroll of fear {unknown}
 z - 2 scrolls of teleportation {unknown}
 B - a scroll of fog {unknown}
Potions
 g - a potion of cancellation
 h - a potion of lignification
 k - a potion of invisibility
 n - a potion of mutation
 o - 3 potions of brilliance
 s - a potion of flight
 D - a potion of might
Comestibles
 d - 12 rations
 f - 4 chunks of flesh


   Skills:
 + Level 3.8 Fighting
 + Level 4.7 Axes
 + Level 0.7 Throwing
 + Level 3.9 Armour
 - Level 1.5 Dodging
 - Level 2.0 Spellcasting
 - Level 2.6 Charms
 * Level 2.4 Invocations


You had 7 spell levels left.
You knew the following spells:

 Your Spells              Type           Power        Failure   Level  Hunger
a - Infusion              Chrm           ##..         99%         1    #......
b - Song of Slaying       Chrm           ##......     99%         2    ###....

Your spell library contained the following spells:

 Spells                   Type           Power        Failure   Level  Hunger
 Magic Dart               Conj           #...         100%        1    #......
 Blink                    Tloc           N/A          100%        2    ###....
 Call Imp                 Summ           #.......     100%        2    ###....
 Shroud of Golubria       Chrm/Tloc      #.....       100%        2    ###....
 Slow                     Hex            #.......     100%        2    ###....
 Conjure Flame            Conj/Fire      #.......     100%        3    ###....
 Mephitic Cloud           Conj/Pois/Air  #.......     100%        3    ###....
 Regeneration             Chrm/Necr      #.........   100%        3    ###....
 Spectral Weapon          Hex/Chrm       #.......     100%        3    ###....


Dungeon Overview and Level Annotations

Branches:
Dungeon (5/15)
 Temple: D:4-7

Altars:
Cheibriados
Dithmenos
Uskayaw

Annotations:
D:1 exclusion: 2 downstairs
D:4 2 transporters, Nebesus's ghost, amateur DEFi


Innate Abilities, Weirdness & Mutations

You are resistant to torment.
Your stone body is resilient. (AC +4)
You are immune to poison.
You resist negative energy. (rN+)
You are resistant to electric shocks. (rElec)
You can survive without breathing.
You are immune to petrification.
You are immune to rotting.


Message History

The ogre hits you but does no damage.
Things that are here:
a +0 mace; a +0 ring mail You block the ogre's attack.
You block the ogre's attack. You block the ogre's attack.
The ogre hits you with a +0 giant club.
Things that are here:
a +0 mace; a +0 ring mail The ogre hits you but does no damage.
The ogre hits you with a +0 giant club!
* * * LOW HITPOINT WARNING * * *
The ogre barely misses you. The ogre barely misses you.
You fade into invisibility!
You block the ogre's attack.
You are very lightly contaminated with residual magic.
You feel better.
The ogre hits you with a +0 giant club!!
You die...

##..#.##...#........# #...##.#
##..##............#####......#
##.#..####...........###...#.....
.........#...........#.#..#......
..##.........................#...
. #...#....(...##.....#.....#...#
#....#.##...........###...##..##
#...##.....##......##........###
..... #.........@...........#....
....##..........#O.....##.###....
#.....#.....#.)###...####.####...
..........÷.#.##.<.###.#.####.
...............##...##......#..
......###.##...................
#>....#######.................#
#........####............###...
#.........................#..<.


You could see an ogre.

Vanquished Creatures
  A scorpion (D:5)
  A hound (D:5)
  A centaur skeleton (D:5)
  Ijyb (D:4)
  A worker ant (D:4)
  2 iguanas
  2 orc wizards (D:5)
  A worker ant zombie (D:4)
  4 gnolls (D:5)
  10 adders
  4 worms (D:3)
  2 dart slugs
  3 leopard geckos
  5 orcs
  4 giant cockroaches
  11 goblins
  7 hobgoblins
  12 jackals
  6 kobolds
  4 quokkas
  4 ball pythons
  5 bats
  3 frilled lizards
  8 rats
102 creatures vanquished.

Notes
Turn   | Place    | Note
-------+----------+-------------------------------------------
     0 | D:1      | yeppeun the Gargoyle Skald began the quest for the Orb.
     0 | D:1      | Reached XP level 1. HP: 12/12 MP: 3/3
   149 | D:1      | Reached skill level 2 in Axes
   151 | D:1      | Reached XP level 2. HP: 17/18 MP: 5/5
   160 | D:1      | Learned a level 2 spell: Song of Slaying
   342 | D:1      | Reached XP level 3. HP: 17/22 MP: 6/6
  1245 | D:2      | Reached skill level 3 in Axes
  1247 | D:2      | Reached XP level 4. HP: 28/28 MP: 7/7
  1518 | D:2      | Found a shadowy altar of Dithmenos.
  1933 | D:3      | Found a snail-covered altar of Cheibriados.
  2313 | D:3      | Became a worshipper of Cheibriados the Contemplative
  2636 | D:3      | Reached XP level 5. HP: 28/32 MP: 8/8
  3186 | D:3      | Reached * piety under Cheibriados
  3474 | D:3      | Reached skill level 1 in Invocations
  3863 | D:4      | Found a transporter.
  3865 | D:4      | Identified the +8 great mace of Slime {crush, rC+}
  3865 | D:4      | Noticed an ogre
  3865 | D:4      | Noticed Nebesus's ghost (amateur DEFi)
  3865 | D:4      | Noticed an ogre
  3868 | D:4      | Noticed an ogre
  3876 | D:4      | Noticed Ijyb
  3917 | D:4      | Killed Ijyb
  3917 | D:4      | Reached skill level 4 in Axes
  3917 | D:4      | Reached XP level 6. HP: 37/37 MP: 0/9
  4439 | D:4      | Found a transporter.
  4585 | D:5      | Entered Level 5 of the Dungeon
  4745 | D:5      | Reached ** piety under Cheibriados
  4909 | D:5      | Reached XP level 7. HP: 35/42 MP: 10/10
  5024 | D:5      | Noticed a +0 hand axe
  5024 | D:5      | Noticed a +0 dagger
  5030 | D:5      | Found a hide-covered altar of Uskayaw.
  5161 | D:5      | Slain by an ogre

Levels and vault maps discovered:
D:1:      giann_bridges, layout_loops_ring
D:2:      layout_basic, old_standard_altar
D:3:      layout_loops_corners, cheibriados_altar_1, kennysheep_generic_room_15
D:4:      layout_rooms, gammafunk_ghost_smash, serial_bayou_pond_e, uniq_ijyb
D:5:      layout_cave_pools, dancing_weapons_uskayaw, first_ration

Skill      XL: |  1  2  3  4  5  6 |
---------------+-------------------+-----
Axes           | 2 3 4 |  4.7
Fighting       | 3 |  3.8
Armour         | 2 3 |  3.9
Invocations    | 1 2 |  2.4
Throwing       | |  0.7
Dodging        | |  1.5
Spellcasting   | |  2.0
Charms         | |  2.6

Action                   |  1- 3 |  4- 6 |  7- 9 || total
-------------------------+-------+-------+-------++-------
Melee: Hand axe          |   150 |   337 |    34 ||   521
Throw: Stone             |     1 |     6 |       ||     7
       Dart              |       |    14 |     7 ||    21
 Cast: Infusion          |     2 |     1 |       ||     3
       Song of Slaying   |       |     2 |       ||     2
Invok: Bend Time         |       |     1 |     2 ||     3
  Use: Scroll            |     2 |     6 |     1 ||     9
       Potion            |       |       |     2 ||     2
  Eat: Chunk             |     1 |    11 |       ||    12
Armor: Ring mail         |    77 |   119 |       ||   196
       Skin              |       |    27 |       ||    27
       Chain mail        |       |    45 |    20 ||    65
Dodge: Dodged            |    57 |   116 |    12 ||   185
Block: Shield            |    52 |   120 |    22 ||   194
